 Dungeon Crawl Stone Soup version 0.27-a0-223-ge082b6e869 (webtiles) character file.

Game seed: 3690369220282467298

807 Gildeon the Cudgeller (level 7, -10/44 HPs)
             Began as a Gargoyle Fighter on Feb 1, 2021.
             Was an Elder of Cheibriados.
             Killed by divine providence
             ... invoked by an orc priest
              (16 damage)
             ... on level 4 of the Dungeon.
             The game lasted 00:10:19 (3977 turns).

Gildeon the Cudgeller (Gargoyle Fighter)            Turns: 3977, Time: 00:10:19

Health: -10/44     AC: 18    Str: 32    XL:     7   Next: 92%
Magic:  7/7        EV:  6    Int: 18    God:    Cheibriados [****..]
Gold:   127        SH: 11    Dex: 19    Spells: 6/6 levels left

rFire    . . .     SeeInvis +   w - +2 trident (venom)
rCold    . . .     Faith    .   c - +0 kite shield
rNeg     + + .     Spirit   .   i - +0 chain mail
rPois    ∞         Reflect  .   (no helmet)
rElec    +         Harm     .   g - +0 cloak
rCorr    .         Rampage  .   j - +0 pair of gloves
Will     .....                  r - +0 pair of boots
Stlth    ..........             (no amulet)
HPRegen  0.14/turn              o - ring of positive energy
MPRegen  0.10/turn              f - ring of see invisible

@: very slow
A: negative energy resistance 1, electricity resistance, unbreathing,
petrification resistance, miasma immunity, AC +4
a: Renounce Religion, Bend Time, Temporal Distortion, Slouch


You were on level 4 of the Dungeon.
You worshipped Cheibriados.
Cheibriados was greatly pleased with you.
You visited 1 branch of the dungeon, and saw 4 of its levels.
You also visited: Sewer.

You collected 127 gold pieces.

Inventory:

Hand Weapons
 w - a +2 trident of venom (weapon)
Armour
 c - a +0 kite shield (worn)
 g - a +0 cloak (worn)
 i - a +0 chain mail (worn)
 j - a +0 pair of gloves (worn)
 r - a +0 pair of boots (worn)
Jewellery
 f - a ring of see invisible (right hand)
 o - a ring of positive energy (left hand)
Scrolls
 e - 4 scrolls of teleportation
 h - a scroll of remove curse
 q - 3 scrolls of blinking
 s - a scroll of fear
 v - 2 scrolls of amnesia {unknown}
Potions
 a - a potion of lignification {unknown}
 b - a potion of magic
 d - 5 potions of might
 k - 4 potions of heal wounds {unknown}
 l - 4 potions of flight
 m - 6 potions of curing {unknown}
 n - 3 potions of resistance {unknown}
 p - a potion of attraction {unknown}
 t - a potion of berserk rage {unknown}
 u - 2 potions of brilliance {unknown}


   Skills:
 + Level 4.8 Fighting
 - Level 7.4 Maces & Flails
 * Level 0.6 Polearms
 + Level 4.8 Armour
 - Level 3.2 Shields


You had 6 spell levels left.
You didn't know any spells.
Your spell library was empty.

Dungeon Overview and Level Annotations

Branches:
Dungeon (4/15)              Sewer (visited)
 Temple: D:4-7

Altars:
Cheibriados
Okawaru
Vehumet
Wu Jian
Zin


Innate Abilities, Weirdness & Mutations

You are resistant to torment.
Your stone body is resilient. (AC +4)
You are immune to poison.
You resist negative energy. (rN+)
You are resistant to electric shocks. (rElec)
You can survive without breathing.
You are immune to petrification.
You are immune to miasma.


Message History

The orc is severely wounded.
The orc hits you but does no damage. You block the orc's attack. x2
The orc complains noisily.
The orc barely misses you. The orc hits you but does no damage.
You block the orc's attack. The orc hits you but does no damage.
Reach: w) +2 trident (venom)
Press: ? - help, Dir - move target, f/p - orc priest
Aim: an orc priest, wielding a +0 hand axe The orc is in the way.
You puncture the orc!
You kill the orc!
Cheibriados thoroughly appreciates the change of pace.
Cheibriados raises the support of your attributes as your movement slows.
You block the orc's attack. The orc hits you but does no damage. x2
You block the orc priest's attack. The orc hits you but does no damage. x2
You hit the orc priest.
The orc priest is poisoned.
The orc priest is moderately wounded.
You block the orc's attack. The orc hits you but does no damage.
The orc priest invokes the aid of Beogh against you.
Beogh smites you!
You die...

#.####... .......#.$.##
#.......##............##
........#........#..... #.
#.....# #..#...# #...
##....### ##.....#.....
#.....#.###............
###...........o....?.....
###............ooo.##..[...
#.............##@### .oo..
##..#...........o.# .≈#.
.#..##.......#...... o..
.....#......###...##.. ..
....##.....###..... ≈≈≈ ≈
.....#.............# ..
##...#.#.......#.... #
###...#....#..#.....
##......)......#


You could see an orc priest (very poisoned) and 4 orcs.

Vanquished Creatures
  Grinder (D:3)
  The ghost of anet the Slinger, an amateur GnHu (D:3)
  A big kobold (Sewer)
  Jessica (D:3)
  An iguana (D:4)
  An orc wizard (D:4)
  A howler monkey skeleton (D:4)
  15 adders
  6 river rats (Sewer)
  2 oozes
  2 worms (D:2)
  A dart slug (D:2)
  A leopard gecko (D:3)
  9 orcs
  5 giant cockroaches
  6 goblins
  8 hobgoblins
  10 jackals
  23 kobolds
  2 quokkas (D:3)
  5 ball pythons (Sewer)
  8 bats
  5 frilled lizards
  28 rats
143 creatures vanquished.

Notes
Turn   | Place    | Note
-------+----------+-------------------------------------------
     0 | D:1      | Gildeon the Gargoyle Fighter began the quest for the Orb.
     0 | D:1      | Reached XP level 1. HP: 14/14 MP: 1/1
   258 | D:1      | Reached XP level 2. HP: 14/19 MP: 2/2
   494 | D:1      | Reached skill level 3 in Maces & Flails
   811 | D:1      | Reached XP level 3. HP: 23/23 MP: 3/3
   974 | D:2      | Found a snail-covered altar of Cheibriados.
   981 | D:2      | Became a worshipper of Cheibriados the Contemplative
  1006 | D:2      | Reached skill level 4 in Maces & Flails
  1019 | D:2      | Reached XP level 4. HP: 20/28 MP: 4/4
  1499 | D:2      | Reached * piety under Cheibriados
  1908 | D:3      | Reached skill level 5 in Maces & Flails
  1917 | D:3      | Found a glowing drain.
  1921 | Sewer    | Entered a sewer
  1939 | Sewer    | Reached XP level 5. HP: 32/32 MP: 5/5
  2205 | Sewer    | Reached ** piety under Cheibriados
  2490 | Sewer    | Noticed a big kobold
  2494 | Sewer    | Killed a big kobold
  2495 | Sewer    | Reached skill level 6 in Maces & Flails
  2495 | Sewer    | Reached XP level 6. HP: 36/37 MP: 6/6
  2610 | Sewer    | Reached *** piety under Cheibriados
  3073 | D:3      | Found a glowing silver altar of Zin.
  3073 | D:3      | Noticed an angel
  3089 | D:3      | Found a runed translucent door.
  3096 | D:3      | Noticed anet's ghost (amateur GnHu)
  3121 | D:3      | Noticed Jessica
  3129 | D:3      | Killed Jessica
  3135 | D:3      | Found an iron altar of Okawaru.
  3177 | D:3      | Found a radiant altar of Vehumet.
  3177 | D:3      | Found an ornate altar of the Wu Jian Council.
  3207 | D:3      | Noticed Grinder
  3219 | D:3      | Killed Grinder
  3220 | D:3      | Reached XP level 7. HP: 41/43 MP: 7/7
  3572 | D:3      | Reached **** piety under Cheibriados
  3692 | D:3      | Killed anet's ghost
  3693 | D:3      | Reached skill level 7 in Maces & Flails
  3977 | D:4      | Killed from afar by an orc priest

Illustrated notes

Levels and vault maps discovered:
D:1:      lightli_arrival_quake, layout_basic
D:2:      layout_basic, kennysheep_slug_shrine, minmay_pentomino_t2
D:3:      layout_basic, chequers_temple_overflow_statue_of_worship,
          okawaru_metal_pillars_3, zin_angel, gup_sewer_entry_bowl,
          hellmonk_ghost_happy_afterlife, kennysheep_generic_room_3,
          uniq_jessica, uniq_grinder
D:4:      layout_cave_pools, nemelex_xobeh_ov_fountains_minmay, serial_rivers,
          chequers_serial_rivers_room_a, chequers_serial_rivers_micro_e,
          chequers_serial_rivers_large_b, chequers_serial_rivers_room_a,
          chequers_serial_rivers_micro_a, chequers_serial_rivers_micro_e,
          uniq_edmund

Skill      XL: |  1  2  3  4  5  6  7 |
---------------+----------------------+-----
Maces & Flails | 3 4 5 6 7 |  7.4
Fighting       | 4 |  4.8
Armour         | 4 |  4.8
Polearms       | |  0.6
Shields        | |  3.2

Action                   |  1- 3 |  4- 6 |  7- 9 || total
-------------------------+-------+-------+-------++-------
Melee: Flail             |   109 |   256 |    90 ||   455
       Trident           |       |       |    14 ||    14
  Use: Scroll            |       |     8 |       ||     8
Armor: Chain mail        |    85 |   231 |   114 ||   430
       Scale mail        |    11 |       |       ||    11
Dodge: Dodged            |    37 |    90 |    54 ||   181
Block: Kite shield       |    77 |   226 |    97 ||   400

Table legend: (Time is in decaauts)
 A = Elapsed time spent in this place.
 B = Non-inter-level travel time spent in this place.
 C = Inter-level travel time spent in this place.
 D = Time resting spent in this place.
 E = Time spent auto-exploring this place.
 F = Levels seen in this place.
 G = Mean time per level.
                   A        B        C        D        E       F      G
               +--------+--------+--------+--------+--------+-----+--------+
         Total |   5170 |   5077 |     93 |      0 |   3707 |   5 | 1034.0 |
       Dungeon |   4061 |   3968 |     93 |      0 |   2957 |   4 | 1015.2 |
         Sewer |   1109 |   1109 |      0 |      0 |    750 |   1 | 1109.0 |
               +--------+--------+--------+--------+--------+-----+--------+

Top non-repeatable levels by time:
     D:3: 1671 daAuts
     D:2: 1246 daAuts
   Sewer: 1109 daAuts
     D:1: 909 daAuts
     D:4: 233 daAuts
